 Dungeon Crawl Stone Soup version 0.27-a0-1154-gfdeffcb720 (webtiles) character file.

Game seed: 15444527097084142662

140 robertstho the Magician (level 5, 0/35 HPs)
             Began as a Djinni Fire Elementalist on May 14, 2021.
             Killed from afar by Blork the orc (6 damage)
             ... with a magic dart
             ... on level 4 of the Dungeon.
             The game lasted 00:06:37 (4272 turns).

robertstho the Magician (Djinni Fire Elementalist)  Turns: 4272, Time: 00:06:38

Health: 0/35       AC:  5    Str:  7    XL:     5   Next: 46%
Gold:   196        EV: 12    Int: 18    God:
                   SH:  0    Dex: 13

rFire    + + .     SeeInvis .   m - +1 halberd (protect)
rCold    x . .     Faith    .   (shield currently unavailable)
rNeg     . . .     Spirit   .   a - +0 robe
rPois    ∞         Reflect  .   c - +2 helmet
rElec    .         Harm     .   (no cloak)
rCorr    .         Rampage  .   (no gloves)
Will     .....                  (boots unavailable)
Stlth    ++........             (no amulet)
HPRegen  0.11/turn              (no ring)
MPRegen  0.00/turn              (no ring)

@: flying, very slightly contaminated, hasted, very quick
A: sickness immunity, fire resistance 2, cold vulnerability 1, float, innate
caster, hp casting, extra vitality 1
a: no special abilities


You were on level 4 of the Dungeon.
You visited 1 branch of the dungeon, and saw 4 of its levels.

You collected 196 gold pieces.

Inventory:

Hand Weapons
 d - a +3 dagger of freezing
 h - a +0 short sword of holy wrath
 m - a +1 halberd of protection (weapon)
Armour
 a - a +0 robe (worn)
 c - a +2 helmet (worn)
Wands
 j - a wand of polymorph (8)
Scrolls
 b - 2 scrolls of enchant weapon
 e - a scroll of blinking {unknown}
 f - a scroll of holy word {unknown}
 g - a scroll of fog {unknown}
 k - a scroll of teleportation
 l - a scroll of fear {unknown}
Potions
 n - a potion of lignification {unknown}


   Skills:
 + Level 2.3 Dodging
 + Level 2.1 Stealth
 + Level 4.2 Spellcasting


You couldn't memorise any spells.
You knew the following spells:

 Your Spells              Type           Power      Damage    Failure   Level
a - Foxfire               Conj/Fire      76%        2x1d7     2%          1
b - Conjure Flame         Conj/Fire      19%        6-21      8%          3
c - Inner Flame           Hex/Fire       19%        N/A       8%          3
d - Sticky Flame          Conj/Fire      19%        2d4       26%         4
e - Fireball              Conj/Fire      9%         3d6       56%         5
f - Summon Small Mammal   Summ           76%        N/A       2%          1
g - Blink                 Tloc           N/A        N/A       3%          2
Your spell library was empty.

Dungeon Overview and Level Annotations

Branches:
Dungeon (4/15)
 Temple: D:4-7

Altars:

Shops:
D:1 [

Annotations:
D:4 Blork the orc


Innate Abilities, Weirdness & Mutations

You are immune to sickness and miasma.
You are immune to poison.
Your flesh is very heat resistant. (rF++)
You are vulnerable to cold. (rC-)
You float through the air rather than walking.
You learn spells naturally, not from books.
Your magical power is your life essence.
You have superior vitality. (+4 HP)


Message History

Blork the orc screams, "Die!"
Blork the orc gestures at you while chanting.
The magic dart hits you.
Casting: Foxfire (safe; 2% risk of failure)
Confirm with . or Enter, or press ? or * to list all spells.
The spell is extremely dangerous to cast (26% risk of failure)!
Continue anyway? [Y]es or [N]o only, please.
The spell is extremely dangerous to cast (26% risk of failure)!
Continue anyway?
Okay, then.
Casting: Sticky Flame (extremely dangerous; 26% risk of failure)
Confirm with . or Enter, or press ? or * to list all spells.
The spell is extremely dangerous to cast (26% risk of failure)!
Continue anyway?
Aiming: Sticky Flame (extremely dangerous; 26% risk of failure)
Press: ? - help, Shift-Dir - straight line, f - Blork the orc
Aim: Blork the orc, wielding a +0 long sword and wearing a +0 robe (fast, 100% to hit)
You miscast Sticky Flame.
You are very lightly contaminated with residual magic.
The air around you burns with energy. You resist.
Blork the orc closely misses you.
Casting: Sticky Flame (extremely dangerous; 26% risk of failure)
Confirm with . or Enter, or press ? or * to list all spells.
The spell is extremely dangerous to cast (26% risk of failure)!
Continue anyway?
Aiming: Sticky Flame (extremely dangerous; 26% risk of failure)
Press: ? - help, Shift-Dir - straight line, f/p - Blork the orc
Aim: Blork the orc, wielding a +0 long sword and wearing a +0 robe (fast, 100% to hit)
The sticky flame hits Blork the orc!
Blork the orc is moderately wounded.
Blork the orc is covered in liquid flames!
Blork the orc burns!
Blork the orc hits you with a +0 long sword.
Blork the orc hits you with a +0 long sword!
* * * LOW HITPOINT WARNING * * *
Blork the orc burns!
Blork the orc burns!
Blork the orc misses you.
It was a potion of haste.
You feel yourself speed up.
Blork the orc burns!
Blork the orc begins to cast a cantrip, but forgets the words!
Blork the orc burns!
Blork the orc points at you and mumbles some strange words.
The magic dart hits you.
You die...

#....# #.# #.#
###### #.#####
#.#
#.....#######.#
#..>....#v....#
#.......#.#####
#.........#
#o#.....###
#.#.....#
#@#.#####
#.....#.#
###.###. #. #.
#


You could see Blork the orc (fast, burning).

Vanquished Creatures
  An iguana (D:3)
  4 adders
  2 worms (D:2)
  3 dart slugs
  An orc (D:3)
  4 ball pythons
  4 endoplasms
  3 giant cockroaches
  7 goblins
  6 hobgoblins
  3 jackals (D:2)
  7 kobolds
  3 quokkas
  6 bats
  6 frilled lizards
  2 rats (D:1)
62 creatures vanquished.

Vanquished Creatures (others)
  294 foxfires
294 creatures vanquished.

Grand Total: 356 creatures vanquished

Notes
Turn   | Place    | Note
-------+----------+-------------------------------------------
     0 | D:1      | robertstho the Djinni Fire Elementalist began the quest for
                  | the Orb.
     0 | D:1      | Reached XP level 1. HP: 15/15 MP: 0/0
   287 | D:1      | Reached XP level 2. HP: 18/21 MP: 0/0
   624 | D:1      | Reached skill level 3 in Spellcasting
   628 | D:1      | Reached XP level 3. HP: 10/25 MP: 0/0
   628 | D:1      | Learned a level 1 spell: Summon Small Mammal
  1055 | D:1      | Found Foust's Armour Boutique.
  1681 | D:2      | Reached XP level 4. HP: 28/31 MP: 0/0
  3335 | D:3      | Reached XP level 5. HP: 30/35 MP: 0/0
  3335 | D:3      | Learned a level 2 spell: Blink
  3460 | D:3      | Reached skill level 4 in Spellcasting
  4254 | D:4      | Noticed Blork the orc
  4272 | D:4      | Killed from afar by Blork the orc

Illustrated notes

Levels and vault maps discovered:
D:1:      minmay_arrival_four_loops, layout_rooms, serial_shops,
          nicolae_shop_temple_entry_statues_fountains, skrybe_limestone_x,
          amcnicky_mini_pool_small
D:2:      layout_basic
D:3:      layout_basic, minmay_misc_feat_chi
D:4:      layout_basic, uniq_blork_the_orc

Skill      XL: |  1  2  3  4  5 |
---------------+----------------+-----
Spellcasting   | 3 4 |  4.2
Stealth        | 2 |  2.1
Dodging        | |  2.3

Action                   |  1- 3 |  4- 6 || total
-------------------------+-------+-------++-------
Melee: Unarmed           |     2 |       ||     2
       Dagger            |       |     1 ||     1
 Cast: Foxfire           |    75 |   105 ||   180
       Sticky Flame      |       |     2 ||     2
  Use: Scroll            |     3 |       ||     3
       Potion            |       |     1 ||     1
Armor: Robe              |     2 |     9 ||    11
Dodge: Dodged            |    12 |    14 ||    26

Table legend: (Time is in decaauts)
 A = Elapsed time spent in this place.
 B = Non-inter-level travel time spent in this place.
 C = Inter-level travel time spent in this place.
 D = Time resting spent in this place.
 E = Time spent auto-exploring this place.
 F = Levels seen in this place.
 G = Mean time per level.
                   A        B        C        D        E       F      G
               +--------+--------+--------+--------+--------+-----+--------+
         Total |   4271 |   4103 |    168 |      0 |   3691 |   4 | 1067.8 |
       Dungeon |   4271 |   4103 |    168 |      0 |   3691 |   4 | 1067.8 |
               +--------+--------+--------+--------+--------+-----+--------+

Top non-repeatable levels by time:
     D:2: 1540 daAuts
     D:3: 1254 daAuts
     D:1: 1113 daAuts
     D:4: 363 daAuts
